 Dungeon Crawl Stone Soup version 0.27-a0-1555-g0e7b3fb1d2 (webtiles) character file.

Game seed: 2242896983053633792

5599 karkarkar the Cleaver (level 10, -4/91 HPs)
             Began as a Minotaur Berserker on July 14, 2021.
             Was an Elder of Trog.
             Slain by a skeletal warrior (15 damage)
             ... led by a skeletal warrior
             ... on level 8 of the Dungeon.
             The game lasted 00:13:37 (5628 turns).

karkarkar the Cleaver (Minotaur Berserker)          Turns: 5628, Time: 00:13:38

Health: -4/91      AC: 14    Str: 24    XL:     10   Next: 45%
Magic:  9/9        EV:  8    Int:  4    God:    Trog [****..]
Gold:   307        SH:  0    Dex: 11    Spells: 9/9 levels left

rFire    . . .     SeeInvis +   i - +0 hand axe (vamp)
rCold    . . .     Faith    .   (no shield)
rNeg     . . .     Spirit   .   m - +0 plate armour
rPois    .         Reflect  .   (helmet restricted)
rElec    .         Harm     .   (no cloak)
rCorr    .         Rampage  .   (no gloves)
Will     ++...                  (no boots)
Stlth    ..........             c - amulet of regeneration
HPRegen  2.25/turn              a - ring of flight
MPRegen  0.11/turn              h - ring of see invisible

@: strong-willed, on berserk cooldown, flying, regenerating, slowed, very slow
A: horns 2, retaliatory headbutt
a: Renounce Religion, Berserk, Trog's Hand, Brothers in Arms


You were on level 8 of the Dungeon.
You worshipped Trog.
Trog was greatly pleased with you.
You visited 1 branch of the dungeon, and saw 8 of its levels.

You collected 307 gold pieces.

Inventory:

Hand Weapons
 i - a +0 vampiric hand axe (weapon)
 j - a +0 war axe
Missiles
 f - 8 curare-tipped darts (quivered)
 k - 3 atropa-tipped darts
 q - 3 throwing nets
Armour
 m - a +0 plate armour (worn)
Jewellery
 a - a ring of flight (left hand)
 c - an amulet of regeneration (around neck)
 h - a ring of see invisible (right hand)
Wands
 u - a wand of iceblast (11)
Scrolls
 d - 4 scrolls of enchant armour
 e - a scroll of enchant weapon
 g - 3 scrolls of teleportation
 n - a scroll of blinking
 o - a scroll of amnesia {unknown}
Potions
 b - a potion of ambrosia
 l - a potion of flight
 p - a potion of might
 r - a potion of berserk rage {unknown}
 s - a potion of curing {unknown}
 t - a potion of heal wounds


   Skills:
 + Level 9.1 Fighting
 + Level 12.7 Axes
 + Level 10.8 Armour
 + Level 3.5 Dodging
 + Level 0.4 Stealth


You had 9 spell levels left.
You didn't know any spells.
Your spell library was empty.

Dungeon Overview and Level Annotations

Branches:
Dungeon (8/15)             Temple (0/1) D:6
   Lair: D:8-11

Altars:


Innate Abilities, Weirdness & Mutations

You have a pair of horns on your head.
You reflexively headbutt those who attack you in melee.


Message History

You hit the skeletal warrior.
The skeletal warrior hits you with a +0 flail!
You barely miss the skeletal warrior.
Your headbutt misses the skeletal warrior.
The skeletal warrior is almost destroyed.
You slash the skeletal warrior!
The skeletal warrior hits you with a +0 flail!
* * * LOW HITPOINT WARNING * * *
You barely miss the skeletal warrior.
The skeletal warrior is almost destroyed.
You hit the skeletal warrior but do no damage.
The skeletal warrior hits you with a +0 flail.
* * * LOW HITPOINT WARNING * * *
You hit the skeletal warrior but do no damage.
The skeletal warrior is almost destroyed.
You barely miss the skeletal warrior. You closely miss the skeletal warrior.
The skeletal warrior is almost destroyed.
You slash the skeletal warrior!
The skeletal warrior hits you with a +0 flail!!
* * * LOW HITPOINT WARNING * * *
The skeletal warrior hits you with a +0 flail!
* * * LOW HITPOINT WARNING * * *
Unknown command.
Unknown command.
Unknown command.
Unknown command.
You slash the skeletal warrior!
You destroy the skeletal warrior!
Trog accepts your kill.
You hit the skeletal warrior.
Your Fighting skill increases to level 9!
Unknown command.
You feel a strong urge to attack something.
Found 27 stones.
You are no longer berserk.
You are exhausted.
You feel yourself slow down.
The skeletal warrior hits you with a +0 flail!
You die...

##.# ...............# #.
.#
#...............#####.
.#
#........#......[.....
###.....................
(.......................
#..........######.####.
#..........######.# #.
#.................. #.
##.....@....######.# #.
.......z....# #.# ..
.#..###z###.######.# ##
##... #z...........#
..... #............#
...... #z)...........
#..... #.#.#.########
#.....###.#.#.########
#.....................


You could see 4 skeletal warriors.

Vanquished Creatures
  Harold (D:7)
  A skeletal warrior (D:8)
  A troll (D:6)
  Sigmund (D:2)
  A wraith (D:8)
  7 yaks (D:8)
  A water moccasin (D:7)
  A sky beast (D:7)
  2 orc warriors (D:8)
  3 black bears
  2 ice beasts
  A necrophage (D:4)
  A centaur (D:5)
  An ogre (D:7)
  2 phantoms
  2 bullfrogs (D:6)
  A scorpion (D:5)
  2 wyvern skeletons
  A water moccasin skeleton (D:4)
  A howler monkey (D:8)
  2 orc priests (D:7)
  2 centaur skeletons
  2 jellies
  2 centaur zombies
  2 gnoll shamans
  4 hounds
  5 iguanas
  10 orc wizards
  2 killer bee zombies
  A hound skeleton (D:4)
  Robin (D:2)
  8 gnolls
  3 adders
  2 howler monkey skeletons
  A shadow imp (D:6)
  3 ufetubi
  A dart slug (D:4)
  A worm (D:2)
  32 orcs
  5 bats
  9 endoplasms
  4 giant cockroaches
  19 goblins
  5 hobgoblins
  8 jackals
  A quokka (D:1)
  4 ball pythons
  3 frilled lizards
  6 kobolds
  7 rats
188 creatures vanquished.

Notes
Turn   | Place    | Note
-------+----------+-------------------------------------------
     0 | D:1      | karkarkar the Minotaur Berserker began the quest for the
                  | Orb.
     0 | D:1      | Reached XP level 1. HP: 19/19 MP: 0/0
   210 | D:1      | Reached skill level 4 in Axes
   210 | D:1      | Reached XP level 2. HP: 27/27 MP: 1/1
   644 | D:2      | Noticed Robin
   648 | D:2      | Noticed a phantom
   658 | D:2      | Reached XP level 3. HP: 33/33 MP: 2/2
   665 | D:2      | Killed a phantom
   666 | D:2      | Reached skill level 5 in Axes
   666 | D:2      | Reached XP level 4. HP: 14/41 MP: 3/3
   669 | D:2      | Killed Robin
   669 | D:2      | Reached ** piety under Trog
   911 | D:2      | Noticed Sigmund
   928 | D:2      | Killed Sigmund
   929 | D:2      | Reached skill level 5 in Fighting
   929 | D:2      | Reached skill level 6 in Axes
   929 | D:2      | Reached XP level 5. HP: 48/48 MP: 4/4
   929 | D:2      | Reached XP level 6. HP: 56/56 MP: 5/5
  2008 | D:3      | Found a faded altar of an unknown god.
  2192 | D:4      | Reached *** piety under Trog
  2211 | D:4      | Reached skill level 5 in Armour
  2211 | D:4      | Reached XP level 7. HP: 52/61 MP: 6/6
  2476 | D:4      | Reached skill level 7 in Axes
  2929 | D:5      | Entered Level 5 of the Dungeon
  3054 | D:5      | Reached skill level 8 in Axes
  3054 | D:5      | Reached XP level 8. HP: 31/70 MP: 7/7
  3609 | D:5      | Reached skill level 9 in Axes
  3931 | D:6      | Reached **** piety under Trog
  4032 | D:6      | Noticed a troll
  4060 | D:6      | Killed a troll
  4061 | D:6      | Reached skill level 10 in Axes
  4155 | D:6      | Reached XP level 9. HP: 78/78 MP: 8/8
  4204 | D:6      | Found a staircase to the Ecumenical Temple.
  4604 | D:7      | Noticed Harold
  4630 | D:7      | Killed Harold
  4631 | D:7      | Reached skill level 11 in Axes
  5175 | D:8      | Reached skill level 10 in Armour
  5183 | D:8      | Reached XP level 10. HP: 79/89 MP: 9/9
  5189 | D:8      | Reached skill level 12 in Axes
  5580 | D:8      | Noticed a skeletal warrior
  5590 | D:8      | Noticed a skeletal warrior
  5591 | D:8      | Noticed a skeletal warrior
  5608 | D:8      | Noticed a skeletal warrior
  5616 | D:8      | Noticed a skeletal warrior
  5622 | D:8      | HP: 1/135 [skeletal warrior (14)]
  5623 | D:8      | Killed a skeletal warrior
  5628 | D:8      | Slain by a skeletal warrior

Illustrated notes

Levels and vault maps discovered:
D:1:      dpeg_arrival_tiny_a, layout_basic
D:2:      layout_basic, uniq_sigmund, uniq_robin
D:3:      layout_basic, shapermc_ecumenical_altar_mp_urbaneastern
D:4:      layout_cave_pods
D:5:      layout_loops_ring, hangedman_abyss_or_decor_jellyfish_corner,
          kennysheep_generic_room_13
D:6:      layout_cave_pools, minmay_temple_entry_ruins, serial_glass,
          glass_columns_b, glass_columns_a, amcnicky_mini_rare_corridor_liquid
D:7:      layout_basic, uniq_harold
D:8:      layout_basic, trog_three_pillars_becter, ebering_ghost_xom

Skill      XL: |  1  2  3  4  5  6  7  8  9 10 |
---------------+-------------------------------+-----
Axes           | 4 5 6 8 10 11 12 | 12.7
Fighting       | 4 5 6 8 9 |  9.1
Armour         | 3 5 6 8 10 | 10.8
Dodging        | 3 |  3.5
Stealth        | |  0.4

Action                   |  1- 3 |  4- 6 |  7- 9 | 10-12 || total
-------------------------+-------+-------+-------+-------++-------
Melee: Hand axe          |    52 |   129 |   340 |   142 ||   663
       Headbutt          |     3 |    15 |    86 |    42 ||   146
Invok: Berserk           |     1 |     1 |     1 |     1 ||     4
       Trog's Hand       |       |       |     6 |     4 ||    10
  Use: Scroll            |     3 |     3 |     7 |       ||    13
       Potion            |     1 |       |       |       ||     1
Armor: Animal skin       |     3 |       |       |       ||     3
       Chain mail        |    16 |    69 |    52 |       ||   137
       Plate armour      |       |       |   139 |    58 ||   197
Dodge: Dodged            |    26 |    47 |   160 |    46 ||   279

Table legend: (Time is in decaauts)
 A = Elapsed time spent in this place.
 B = Non-inter-level travel time spent in this place.
 C = Inter-level travel time spent in this place.
 D = Time resting spent in this place.
 E = Time spent auto-exploring this place.
 F = Levels seen in this place.
 G = Mean time per level.
                   A        B        C        D        E       F      G
               +--------+--------+--------+--------+--------+-----+--------+
         Total |   5529 |   5384 |    145 |    213 |   3674 |   8 |  691.1 |
       Dungeon |   5529 |   5384 |    145 |    213 |   3674 |   8 |  691.1 |
               +--------+--------+--------+--------+--------+-----+--------+

Top non-repeatable levels by time:
     D:5: 868 daAuts
     D:4: 854 daAuts
     D:2: 837 daAuts
     D:7: 713 daAuts
     D:1: 661 daAuts
     D:6: 592 daAuts
     D:3: 572 daAuts
     D:8: 430 daAuts
